Workbook
Name G: '1. Proponente'!#REF!
Name Grupos: #REF!
Name ib: #REF!

Sheet Precios Artificialmente bajos
B3: Proponente No. | C3: NOMBRE DEL PROPONENTE | D3: VALOR TOTAL OFERTADO por TOTAL CANTIDADES | F3: Presupuesto Entidad total | G3: =+'4. Oferta Económica'!#REF! -> #REF!
B4: 2 | C4: FUMI SPRAY SAS | D4: 106187260 | F4: Mediana | G4: Desviación | H4: Valor Minimo Aceptable
B5: 3 | C5: INNOVACION COLOMBIA SAS | D5: 105307260 | F5: =MEDIAN(D4:D12) -> 89112200 | G5: =ROUND(_xlfn.STDEV.P(D4:D12),0) -> 15778540 | H5: =+F5-G5 -> 73333660
B6: 4 | C6: VECTORS AND WASTE S.A.S | D6: 103426000
B7: 7 | C7: GHS INGENIERIA SAS | D7: 94535238
B8: 6 | C8: JOSBEING SAS | D8: 89112200
B9: 8 | C9: CONSORCIO INCO 2025 | D9: 88842518
B10: 9 | C10: ImPro SAS | D10: 84333381
B11: 1 | C11: CONTROL REGIONAL DE HIGIENE MANTENIMIENTO SAS | D11: 81709120
B12: 5 | C12: ECOFLORA S.A.S | D12: 52015800

Sheet COMITE EVALUADOR
C2: PROCESO DE SELECCIÓN DE MÍNIMA CUANTÍA SED-MC-DSA-040-2026
B4: No. | C4: Comité Evaluador: | D4: Requisitos de la oferta que debe evaluar
B5: 3 | C5: GUSTAVO HUMBERTO OROZCO – Contrista DSA | D5: Técnico y económico
B6: 4 | C6: LILIANA CECILIA ROJAS LEON – Abogada Contratista DSA | D6: Técnico y económico
B7: 5 | C7: LYNDA YAZMIN GAMBOA BAQUERO - Financiera Contratista DSA | D7: Técnico y económico

Sheet 1. Proponente
B2: PROCESO DE SELECCIÓN DE MÍNIMA CUANTÍA SED-MC-DSA-040-2026
M3: VERIFICACIÓN DE REQUISITOS HABILITANTES (RESUMEN EVALUACION TÉCNICA)
B4: No. | C4: NOMBRE DEL PROPONENTE | D4: Tamaño empresa | E4: NIT Integrante | F4: % Participación | G4: Acredita MiPymes | H4: Presupuesto oficial | I4: Experiencia Requerida por Proponente Expresada en SMMLV | J4: VALOR TOTAL OFERTADO | K4: Experiencia Requerida por Proponente Expresada en SMMLV | L4: Verificación de Oferta VS presupuesto | M4: EXPERIENCIA | N4: ANEXO OFRECIMIENTO TÉCNICO | O4: REQUISITOS TÉCNICOS ADICIONALES | P4: OFERTA ECONÓMICA
B5: 2 | C5: GRUPO EDS AUTOGAS SAS | D5: Grande | E5: 900.459.737-5 | F5: 1 | G5: NO | H5: 106358544 | I5: =+H5/1750905 -> 60.744897 | J5: 106358544 | K5: =J5/1750905 -> 60.744897 | L5: =IF(I5>=K5,"CUMPLE","NO CUMPLE") -> CUMPLE | M5: HABILITADO | N5: HABILITADO | O5: HABILITADO | P5: HABILITADO | Q5: SI | R5: HABILITADO
Q6: NO | R6: NO HABILITADO
R7: RECHAZADO
B10: 1. Acreditar valor igual o superior al 100% del presupuesto asignado que corresponde a: | I10: 30968440 | J10: (23,82 SMMLV)
B11: 2. Cantidad certificaciones: Máximo 2 y 1 Adcional MiPymes.
B12: 3. Objeto: PRESTAR EL SERVICIO DE TRANSPORTE PARA LA MOVILIDAD DE LOS EXPEDIENTES DOCUMENTALES
B13: 4. Experiencia en: SERVICIOS DE TRANSPORTE TERRESTRE DE CARGA Y/O SERVICIO DE TRANSPORTE TERRESTRE DE MOBILIARIOS Y/O SERVICIO DE TRANSPORTE TERRESTRE DE MERCANCÍAS Y/O SERVICIO DE TRANSPORTE TERRESTRE DE DOCUMENTOS DE ARCHIVO
Y33: =SUM(Y6:Y32) -> 0

Sheet 2. Experiencia_Proponente
B2: PROCESO DE SELECCIÓN DE MÍNIMA CUANTÍA SED-MC-DSA-040-2026
B4: 1.3 REGLAS PARA LA VALORACIÓN DE LA EXPERIENCIA
B6: No. | C6: Nombre del Proponente | D6: Empresa que Aporta la Experiencia | E6: Contratos Aportados | F6: Identificación Contrato No. | G6: Contratante | H6: Verificación Objeto Similar | I6: % Participación del Contrato Acreditado | J6: Valor del contrato a Tener en Cuenta Pesos Colombianos | K6: Fecha Inicio del contrato | L6: Fecha de terminación del contrato | M6: Certificación de contrato finalizado, terminado y/o liquidado antes de la fecha de cierre del presente proceso de selección | N6: Valor en SMMLV | O6: Observaciones Individuales Experiencia | P6: Valor Total Presupuesto Oficial en SMMLV | Q6: Valor Experiencia Aportada Proponente en SMMLV | R6: Verificación de Experiencia Proponente
H7: CUMPLE / NO CUMPLE
B8: =+'1. Proponente'!B5 -> 2 | C8: =+'1. Proponente'!C5 -> GRUPO EDS AUTOGAS SAS | D8: =+C8 -> GRUPO EDS AUTOGAS SAS | E8: 1 | G8: Departamento Administrativo de la Presidencia de la República | H8: CUMPLE | I8: 1 | J8: 2052121051 | K8: 43842 | L8: 44872 | M8: CUMPLE | N8: =+J8/1000000 -> 2052.1211 | P8: =+'1. Proponente'!I5 -> 60.744897 | Q8: =+SUM(N8:N11) -> 2052.1211 | R8: =IF(SUM(Q8)>=P8,"CUMPLE","NO CUMPLE") -> CUMPLE
D9: =+C9 -> 0 | E9: 2 | N9: =+J9/877803 -> 0 | T9: CUMPLE
D10: =+C10 -> 0 | E10: 3 | N10: =+J10/877803 -> 0
D11: =+C11 -> 0 | E11: 4 | N11: =+J11/781242 -> 0 | T11: NO CUMPLE
C13: REQUISITOS MÍNIMOS PARA LA ACREDITACIÓN DE LA EXPERIENCIA
C15: 1. Nombre de la empresa o entidad Contratante 2. Dirección 3. Teléfono 4. Nombre del Contratista 5. Si se trata de un Consorcio o de una Unión Temporal se debe señalar el nombre de quienes lo conforman, adicionalmente se debe indicar el porcentaje de participación de cada uno de sus miembros. 6. Número del contrato (si tiene) 7. Objeto del contrato 8. Valor del contrato 9. Estado del contrato (En caso de que la certificación no indique que el estado del contrato es terminado, el proponente deberá adjuntar la correspondiente acta de terminación y/o recibo a satisfacción debidamente suscrita) 10. Fecha de suscripción, inicio (día, mes y año) y fecha de terminación (día, mes y año) 11. Fecha de expedición de la certificación (día, mes y año) 12. Nombre y firma de quien expide la certificación. La certificación deberá estar firmada por el funcionario competente para suscribirla. | L15: PERIODO S.M.L.M.V.
L16: Enero 1 de 2010 a diciembre 31 de 2010 $515.000,00
L17: Enero 1 de 2011 a diciembre 31 de 2011 $535.600,00
L18: Enero 1 de 2012 a diciembre 31 de 2012 $566.700,00
L19: Enero 1 de 2013 a diciembre 31 de 2013 $589.500,00
L20: Enero 1 de 2014 a diciembre 31 de 2014 $616.000,00
L21: Enero 1 de 2015 a diciembre 31 de 2015 $644.350,00
L22: Enero 1 de 2016 a diciembre 31 de 2016 $689.455,00
L23: Enero 1 de 2017 a diciembre 31 de 2017 $737.717,00
L24: Enero 1 de 2018 a diciembre 31 de 2018 $781.242,00
L25: Enero 1 de 2019 a diciembre 31 de 2019 $828.116,00
L26: Enero 1 de 2020 a diciembre 31 de 2020 $877.803,00
L27: Enero 1 de 2021 a diciembre 31 de 2021 $908.526,00
... L32: Enero 1 de 2026 a diciembre 31 de 2026 $1.750.905,00

Sheet 3. Ofrecimiento Técnico
B2: PROCESO DE SELECCIÓN DE MÍNIMA CUANTÍA SED-MC-DSA-040-2026
B4: FORMATO No. 9 – OFRECIMIENTO TÉCNICO:
B5: No. | C5: Nombre del Proponente | D5: FORMATO OFRECIMIENTO TÉCNICO DEL PROPONENTE | E5: OBSERVACIÓN
D6: APORTA / NO APORTA
B7: =+'1. Proponente'!B5 -> 2 | C7: =+'1. Proponente'!C5 -> GRUPO EDS AUTOGAS SAS | D7: APORTA | E7: El proponente allegó el formato donde manifiesta que conoce y acepta las especificaciones técnicas solicitadas en el presente proceso en el ANEXO TÉCNICO. En caso de ser adjudicatario, me comprometo y obligo a cumplir con todas las condiciones técnicas establecidas en el presente proceso. | G7: APORTA
G8: NO APORTA

Sheet 3.1. Requi_tecn_adicionales
B2: PROCESO DE SELECCIÓN DE MÍNIMA CUANTÍA SED-MC-DSA-040-2026
B4: LISTADO DE ESTACIONES DE SERVICIOS - CERTIFICACIONES DE ESTACIONES DE SERVICIO (EDS) - INSCRIPCIÓN EN EL SISTEMA DE INFORMACIÓN DE COMBUSTIBLES (SICOM) - CADENA DE DISTRIBUCIÓN DE COMBUSTIBLES:
B6: No. | C6: Nombre del Proponente | D6: LISTADO DE ESTACIONES DE SERVICIOS | E6: CERTIFICACIONES DE ESTACIONES DE SERVICIO (EDS) | F6: INSCRIPCIÓN EN EL SISTEMA DE INFORMACIÓN DE COMBUSTIBLES – SICOM | G6: CADENA DE DISTRIBUCIÓN DE COMBUSTIBLES | H6: OBSERVACIÓN
D7: APORTA / NO APORTA | E7: APORTA / NO APORTA | F7: APORTA / NO APORTA | G7: APORTA / NO APORTA
B8: 1 | C8: GRUPO EDS AUTOGAS SAS | D8: APORTA | E8: APORTA | F8: APORTA | G8: APORTA | J8: APORTA
D9: El proponente acreditó tres estaciones de servicio autorizadas con toda la normatividad vigente, ubicadas en la jurisdicción de la Localidad de Teusaquillo en Bogotá DC no mayor a 10 km a la redonda de la sede central de SED (Avenida El Dorado No. 66-63), para el aprovisionamiento de gasolina corriente y diésel para los vehículos del parque automotor de la SED, las cuales corresponden a: | E9: Mediante comunicacióon del 24 de junio de 2026 el representante legal del oferente certifica, bajo la gravedad de juramento, que la totalidad de las EDS ofrecidas en este proceso, cumplen con los requisitos de operación definidos en el Decreto 1073 de 2015, adicionado por el Decreto 875 de 2025, del Ministerio de Minas y Energía, y se encuentran activas en la plataforma SICOM. | F9: El proponente aporta comunicación suscrita por el Director de Hidrocarburos del Ministerio de Minas y Energía en donde se relacionan cuarenta y cinco estaciones de servicio que dan cumplimiento al Decreto 1073 del 2015, con la actividad de distribución minorista de combustibles líquidos derivados del petróleo bajo la razón social “GRUPO EDS AUTOGAS SAS (Nit: 9004597375)”, que se encuentran activas y registradas en el SICOM. | G9: El proponente allegó comunicación suscrita por el Director de Hidrocarburos del Ministerio de Minas y Energía en donde se relacionan cuarenta y cinco estaciones de servicio que dan cumplimiento al Decreto 1073 del 2015, con la actividad de distribución minorista de combustibles líquidos derivados del petróleo bajo la razón social “GRUPO EDS AUTOGAS SAS (Nit: 9004597375)”, que se encuentran activas y registradas en el SICOM. El proponente en el término de traslado del informe de evaluación, mediante mensaje Ref. CO1.MSG.9645580 del 26 de Junio de 2026, allegó documento suscrito por el representante legal, en el que manifiesta, bajo la gravedad de juramento, que la autorización expedida por el Ministerio de Minas y Energía, que lo faculta para actuar como agente dentro de la cadena de distribución minorista o mayorista de combustibles líquidos derivados del petróleo, se encuentra vigente a la fecha de presentación de la oferta, que no ha sido sancionado y que cumple con las condiciones regulatorias vigentes. | J9: NO APORTA
D12: EDS Primax Puente Aranda ubicada en la Carrera 50 No. 19 -15 de Bogotá - Código SICOM 631047
B13: C. LISTADO DE ESTACIONES DE SERVICIOS Y CERTIFICACIONES DE ESTACIONES DE SERVICIO (EDS) C.1 El proponente debe contar como mínimo con una (1) estación de servicio autorizada que cumpla con toda la normatividad vigente, ubicada en la jurisdicción de la Localidad de Teusaquillo en Bogotá DC no mayor a 10 km a la redonda de la sede central de SED (Avenida El Dorado No. 66-63), para el aprovisionamiento de gasolina corriente y diésel para los vehículos del parque automotor de la SED. En consecuencia, debe anexar con su propuesta, el listado de las Estaciones de Servicio (EDS) disponibles en Bogotá D.C. en donde se brindará el servicio, debidamente certificadas por el Ministerio de Minas y Energía. C.2 El Proponente debe presentar una certificación, bajo la gravedad de juramento, en la cual certifique que la totalidad de las EDS ofrecidas en este proceso, cumplen con los requisitos de operación definidos en el Decreto 1073 de 2015, adicionado por el Decreto 875 de 2025, del Ministerio de Minas y Energía, y se encuentran activas en la plataforma SICOM. D. INSCRIPCIÓN EN EL SISTEMA DE INFORMACIÓN DE COMBUSTIBLES – SICOM El Proponente debe tener configurado en el SICOM el producto gasolina y/o diésel (ACPM), de acuerdo con los combustibles ofrecidos en las Estaciones de Servicio (EDS) conforme a lo dispuesto en el parágrafo 4 del artículo 4 de la Resolución 31348 de 2015, modificada por la Resolución 31100 de 2020, o la norma que lo modifique, sustituya o derogue. Este requisito se verificará mediante cualquiera de los siguientes documentos: • Certificación expedida por el SICOM. • Reporte o consulta descargada del sistema oficial donde se evidencie el estado “activo”. • Acto administrativo vigente expedido por el Ministerio de Minas y Energía, cuando aplique. La inscripción deberá encontrarse vigente al momento del cierre del proceso de selección. La entidad podrá verificar directamente la información en el sistema- SICOM. El contratista deberá mantener vigente su inscripción en el SICOM durante todo el plazo de ejecución del contrato | D13: EDS Primax Industrial ubicada en la Carrera 71 No. 18 - 05 de Bogotá - Código SICOM 632058
D14: EDS Primax Salitre ubicada en la Calle 22C NO. 68D-20 de Bogotá - Código SICOM 631039
D16: El proponente allegó igulamente comunicación suscrita por el Director (E) de Hidrocarburos del Ministerio de Minas y Energía en donde se relaciona los códigos SICOM de las tres estaciones ofertadas para cumplir con el requisito de la estación de servicio ubcada en la jurisdicción de la Localidad de Teusaquillo en Bogotá DC no mayor a 10 km a la redonda de la sede central de SED (Avenida El Dorado No. 66-63).

Sheet 4. Oferta Económica
G2: PROCESO DE SELECCIÓN DE MÍNIMA CUANTÍA SED-MC-DSA-040-2026
G4: VALIDACIÓN - Oferta Económica de la Plataforma SECOP II
G6: VALOR TOTAL DE LA OFERTA ECONOMICA | H6: =H12 -> 1.0529496e+08
H7: 2. GRUPO EDS AUTOGAS SAS
B8: ÍTEM | C8: Descripción | D8: Cant. | E8: Unida de Medida | F8: Valor Unitario Techo de Referencia | G8: Valor Total Techo de Referencia | H8: % DESCUENTO | I8: VALOR DE DESCUENTO | J8: VALOR GALON INCLUIDO DESCUENTO | K8: VR. TOTAL OFERTADO
B9: 1 | C9: Gasolina Corriente | D9: 6000 | E9: GALON | F9: 16291 | G9: =+F9*D9 -> 97746000 | H9: 0.01 | I9: =+F9*H9 -> 162.91 | J9: =+F9-I9 -> 16128.09 | K9: =+J9*D9 -> 96768540 | AB9: CUMPLE
B10: 2 | C10: ACPM | D10: 744 | E10: GALON | F10: 11576 | G10: =+F10*D10 -> 8612544 | H10: 0.01 | I10: =+F10*H10 -> 115.76 | J10: =+F10-I10 -> 11460.24 | K10: =+J10*D10 -> 8526418.6 | AB10: NO CUMPLE
C12: VALOR TOTAL DE LA OFERTA ECONOMICA | G12: $ 106.358.544,00 | H12: =SUM(K9:K10) -> 1.0529496e+08

Sheet $ ARTIFICIALMENTE BAJOS
B3: PROCESO DE SELECCIÓN DE MÍNIMA CUANTÍA SED-MC-DSA-013-2026
B4: Validación Precios Artificialmente bajos
E6: Presupuesto Entidad | F6: =+'1. Proponente'!H5 -> 106358544 | I6: Mediana | J6: Desviación | K6: Valor Minimo Aceptable
B7: Tamaño de Empresa | E7: VALOR REFERENCIA INCLUIDO IVA | I7: =MEDIAN(F8:F35) -> #REF! | J7: =_xlfn.STDEV.P(F8:F35) -> #REF! | K7: =+I7-J7 -> #REF!
B8: Micro | D8: 21 | E8: =+'4. Oferta Económica'!#REF! -> #REF! | F8: {=+'4. Oferta Económica'!#REF!} -> #REF!
B9: Micro | D9: 27 | E9: =+'4. Oferta Económica'!#REF! -> #REF! | F9: {=+'4. Oferta Económica'!#REF!} -> #REF! | I9: Observación:
B10: Micro | D10: 7 | E10: =+'4. Oferta Económica'!#REF! -> #REF! | F10: {=+'4. Oferta Económica'!#REF!} -> #REF!
B11: Pequeña | D11: 10 | E11: =+'4. Oferta Económica'!#REF! -> #REF! | F11: {=+'4. Oferta Económica'!#REF!} -> #REF! | I11: En virtud de la "Guía para el manejo de ofertas artificialmente bajas", el artículo 26 de la Ley 80 de 1993 y el Decreto 1082 de 2015, la Secretaría de Educación del Distrito requiere que los proponentes SCALAS SAS, GRUPO LOS LAGOS, SUMICORP, HECTOR GARCIA GONZALEZ, SISTEMA DISTRIBUCIONES FORMACON y DISTRICONSUMOS sustenten mediante soportes técnicos y económicos la suficiencia de sus precios y su estructura de costos detallada para cada ítem en el SECOP II. Esta justificación, busca garantizar que los valores ofertados no pongan en riesgo la ejecución contractual ni contravengan los criterios del Consejo de Estado, deberá remitirse de manera clara y completa a más tardar el 10 de abril de 2026 a las 05:00 p.m.
B12: Micro | D12: 15 | E12: =+'4. Oferta Económica'!#REF! -> #REF! | F12: {=+'4. Oferta Económica'!#REF!} -> #REF!
B13: Micro | D13: 5 | E13: =+'4. Oferta Económica'!#REF! -> #REF! | F13: {=+'4. Oferta Económica'!#REF!} -> #REF!
B14: Micro | D14: 6 | E14: =+'4. Oferta Económica'!#REF! -> #REF! | F14: {=+'4. Oferta Económica'!#REF!} -> #REF!
B15: Pequeña | D15: 16 | E15: =+'4. Oferta Económica'!#REF! -> #REF! | F15: {=+'4. Oferta Económica'!#REF!} -> #REF!
B16: Micro | D16: 23 | E16: =+'4. Oferta Económica'!#REF! -> #REF! | F16: {=+'4. Oferta Económica'!#REF!} -> #REF!
B17: Micro | D17: 2 | E17: =+'4. Oferta Económica'!L7 | F17: {=+'4. Oferta Económica'!L6:O6}
B18: Pequeña | D18: 12 | E18: =+'4. Oferta Económica'!#REF! -> #REF! | F18: {=+'4. Oferta Económica'!#REF!} -> #REF!
B19: Micro | D19: 19 | E19: =+'4. Oferta Económica'!#REF! -> #REF! | F19: {=+'4. Oferta Económica'!#REF!} -> #REF!
B20: Micro | D20: 18 | E20: =+'4. Oferta Económica'!#REF! -> #REF! | F20: {=+'4. Oferta Económica'!#REF!} -> #REF!
B21: Micro | D21: 25 | E21: =+'4. Oferta Económica'!#REF! -> #REF! | F21: {=+'4. Oferta Económica'!#REF!} -> #REF!
B22: Pequeña | D22: 13 | E22: =+'4. Oferta Económica'!#REF! -> #REF! | F22: {=+'4. Oferta Económica'!#REF!} -> #REF!
B23: Micro | D23: 1 | E23: =+'4. Oferta Económica'!H7 -> 2. GRUPO EDS AUTOGAS SAS | F23: {=+'4. Oferta Económica'!H6:K6} -> 1.0529496e+08
B24: Micro | D24: 3 | E24: =+'4. Oferta Económica'!#REF! -> #REF! | F24: {=+'4. Oferta Económica'!#REF!} -> #REF!
B25: Pequeña | D25: 28 | E25: =+'4. Oferta Económica'!#REF! -> #REF! | F25: {=+'4. Oferta Económica'!#REF!} -> #REF!
B26: Pequeña | D26: 9 | E26: =+'4. Oferta Económica'!#REF! -> #REF! | F26: {=+'4. Oferta Económica'!#REF!} -> #REF!
B27: Micro | D27: 11 | E27: =+'4. Oferta Económica'!#REF! -> #REF! | F27: {=+'4. Oferta Económica'!#REF!} -> #REF!
B28: Pequeña | D28: 24 | E28: =+'4. Oferta Económica'!#REF! -> #REF! | F28: {=+'4. Oferta Económica'!#REF!} -> #REF!
B29: Micro | D29: 20 | E29: =+'4. Oferta Económica'!#REF! -> #REF! | F29: {=+'4. Oferta Económica'!#REF!} -> #REF!
B30: Micro | D30: 22 | E30: =+'4. Oferta Económica'!#REF! -> #REF! | F30: {=+'4. Oferta Económica'!#REF!} -> #REF!
B31: Micro | D31: 8 | E31: =+'4. Oferta Económica'!#REF! -> #REF! | F31: {=+'4. Oferta Económica'!#REF!} -> #REF!
B32: Pequeña | D32: 17 | E32: =+'4. Oferta Económica'!#REF! -> #REF! | F32: {=+'4. Oferta Económica'!#REF!} -> #REF!
B33: Mediana | D33: 26 | E33: =+'4. Oferta Económica'!#REF! -> #REF! | F33: {=+'4. Oferta Económica'!#REF!} -> #REF!
B34: Pequeña | D34: 4 | E34: =+'4. Oferta Económica'!#REF! -> #REF! | F34: {=+'4. Oferta Económica'!#REF!} -> #REF!
B35: Pequeña | D35: 14 | E35: =+'4. Oferta Económica'!#REF! -> #REF! | F35: {=+'4. Oferta Económica'!#REF!} -> #REF!
F37: =+F35/F6 -> #REF!
F38: =100%-F37 -> #REF!

Sheet $_Artificialmente_bajas
B3: Proponente No. | C3: Nombre | D3: VALOR PRESUPUESTO | E3: VALOR OFERTA PRESENTADA | F3: DIFERENCIA ENTRE VR.OFERTA PRESENTADA Y VR. PRESUPUESTO
B4: =+'1. Proponente'!B5 -> 2 | C4: =+'1. Proponente'!C5 -> GRUPO EDS AUTOGAS SAS | D4: =+'1. Proponente'!H5 -> 106358544 | E4: =+'4. Oferta Económica'!H6 -> 1.0529496e+08 | F4: =1-((E4/D4)) -> 0.01

Sheet Hoja3
D1: Micro
B2: SI | D2: Pequeña
B3: NO | D3: Mediana
D4: Grande
